 Dungeon Crawl Stone Soup version 0.25.0-26-g0c896c7088 (webtiles) character file.

Game seed: 4200757068880271128

260 xccam the Cutter (level 6, -2/39 HPs)
             Began as an Octopode Assassin on July 2, 2020.
             Slain by a centaur skeleton (6 damage)
             ... on level 4 of the Dungeon.
             The game lasted 00:02:29 (2869 turns).

xccam the Cutter (Octopode Assassin)                Turns: 2869, Time: 00:02:29

Health: -2/39      AC:  1    Str: 11    XL:     6   Next: 17%
Magic:  6/6        EV: 13    Int: 13    God:
Gold:   172        SH:  0    Dex: 15    Spells: 5/5 levels left

rFire    . . .     SeeInvis .   a - +2 dagger
rCold    + . .     Gourm    .   (no shield)
rNeg     . . .     Faith    .   (helmet restricted)
rPois    .         Spirit   .   (no amulet)
rElec    .         Reflect  .   q - ring of protection from cold
rCorr    .         Harm     .   (no ring)
MR       .....                  (no ring)
Stlth    ++++......             (no ring)
HPRegen  0.13/turn              (no ring)
MPRegen  0.10/turn              (no ring)
                                (no ring)
                                (no ring)

@: no status effects
A: almost no armour, stealthy swim, amphibious, 8 rings, constrict 8, camouflage
1, gelatinous body 1
a: no special abilities


You were on level 4 of the Dungeon.
You were not hungry.

You visited 1 branch of the dungeon, and saw 4 of its levels.

You collected 172 gold pieces.

Inventory:

Hand Weapons
 a - a +2 dagger (weapon)
 b - a +5 hunting sling
Missiles
 c - 5 curare-tipped darts
 s - 21 poisoned darts (quivered)
 t - 50 stones
Jewellery
 q - a ring of protection from cold (left tentacle)
Scrolls
 e - 4 scrolls of teleportation {unknown}
 g - a scroll of magic mapping {unknown}
 j - 3 scrolls of identify {unknown}
 l - 3 scrolls of remove curse {unknown}
 m - a scroll of amnesia {unknown}
 r - a scroll of blinking {unknown}
Potions
 f - a potion of heal wounds
 h - a potion of brilliance {unknown}
 i - a potion of flight {unknown}
 k - 2 potions of cancellation {unknown}
 n - 2 potions of lignification {unknown}
 o - a potion of stabbing {unknown}
 p - a potion of resistance {unknown}
Comestibles
 d - 9 rations
 u - 2 chunks of flesh


   Skills:
 - Level 2.0 Fighting
 + Level 6.3 Short Blades
 - Level 2.0 Throwing
 - Level 1.0 Dodging
 - Level 5.3 Stealth


You had 5 spell levels left.
You didn't know any spells.
Your spell library was empty.

Dungeon Overview and Level Annotations

Branches:
Dungeon (4/15)
 Temple: D:4-7

Altars:


Innate Abilities, Weirdness & Mutations

You cannot wear most types of armour.
You are very stealthy in the water. (Stealth+)
You are amphibious.
You can wear up to eight rings at the same time.
You can use your tentacles to constrict eight enemies at once.
Your skin changes colour to match your surroundings (Stealth+).
Your rubbery body absorbs attacks. (AC +1, EV +1)


Message History

The centaur skeleton is lightly damaged.
The centaur skeleton hits you!
* * * LOW HITPOINT WARNING * * *
You hit the centaur skeleton.
The centaur skeleton is moderately damaged.
The centaur skeleton closely misses you.
You hit the centaur skeleton.
The centaur skeleton is heavily damaged.
The centaur skeleton barely misses you.
You hit the centaur skeleton but do no damage.
The centaur skeleton is heavily damaged.
The centaur skeleton completely misses you.
You hit the centaur skeleton.
The centaur skeleton is heavily damaged.
A leopard gecko comes into view.
The leopard gecko hisses angrily.
You hit the centaur skeleton. You squeeze the centaur skeleton.
The centaur skeleton is severely damaged.
The centaur skeleton hits you.
You die...

#.#.# #.#.# # #.#.#
###. ##.#.#
.....##.÷#.## #
..........#........#
.##..##.##.#####....
#.l##.##.##.......
#....†@Z÷.........
#.###.#..#........
#.#.##.###...#
#.#.###. ..# #.#.#
#. . #.#.# .. #.#.#
.# #.#.# .#


You could see a leopard gecko and a centaur skeleton.

Vanquished Creatures
  A howler monkey (D:4)
  A bullfrog skeleton (D:4)
  A hound (D:4)
  An orc wizard (D:3)
  A worker ant (D:4)
  A hound skeleton (D:3)
  3 adders
  2 oozes
  2 worms
  A dart slug (D:1)
  A leopard gecko (D:3)
  2 orcs (D:3)
  3 giant cockroaches
  9 goblins
  4 hobgoblins
  3 quokkas
  6 bats
  5 frilled lizards
  10 kobolds
  7 rats
64 creatures vanquished.

Notes
Turn   | Place    | Note
-------+----------+-------------------------------------------
     0 | D:1      | xccam the Octopode Assassin began the quest for the Orb.
     0 | D:1      | Reached XP level 1. HP: 14/14 MP: 1/1
   203 | D:1      | Reached XP level 2. HP: 19/19 MP: 2/2
   314 | D:1      | Reached skill level 3 in Short Blades
   609 | D:1      | Reached XP level 3. HP: 24/24 MP: 3/3
  1353 | D:3      | Reached skill level 4 in Short Blades
  1419 | D:3      | Reached XP level 4. HP: 12/29 MP: 4/4
  2321 | D:3      | Reached skill level 5 in Short Blades
  2321 | D:3      | Reached XP level 5. HP: 34/34 MP: 5/5
  2849 | D:4      | Reached skill level 6 in Short Blades
  2849 | D:4      | Reached XP level 6. HP: 14/39 MP: 6/6
  2869 | D:4      | Slain by a centaur skeleton

Illustrated notes

Levels and vault maps discovered:
D:1:      heliophobic_arrival_ceremonial_halls, layout_basic
D:2:      layout_rooms
D:3:      layout_loops_ring
D:4:      layout_loops_ring, first_ration

Skill      XL: |  1  2  3  4  5 |
---------------+----------------+-----
Short Blades   | 3 4 5 6 |  6.3
Fighting       | |  2.0
Throwing       | |  2.0
Dodging        | |  1.0
Stealth        | |  5.3

Action                   |  1- 3 |  4- 6 || total
-------------------------+-------+-------++-------
Melee: Dagger            |    56 |    68 ||   124
       Constrict         |    11 |    13 ||    24
       Tentacles         |     7 |    18 ||    25
  Use: Potion            |       |     1 ||     1
 Stab: Sleeping          |    21 |     8 ||    29
  Eat: Chunk             |     1 |     5 ||     6
Armor: Skin              |     6 |     1 ||     7
Dodge: Dodged            |    30 |    27 ||    57
